 Dungeon Crawl Stone Soup version 0.25.1-3-ge44b62a0b3 (webtiles) character file.

Game seed: 11802999135477137858

117 Erymatos the Chopper (level 4, -2/41 HPs)
             Began as a Minotaur Berserker on Nov 20, 2020.
             Was a Believer of Trog.
             Slain by a sky beast (5 damage)
             ... on level 3 of the Dungeon.
             The game lasted 00:01:46 (1997 turns).

Erymatos the Chopper (Minotaur Berserker)           Turns: 1997, Time: 00:01:46

Health: -2/41      AC:  6    Str: 22    XL:     4   Next: 71%
Magic:  3/3        EV: 11    Int:  4    God:    Trog [**....]
Gold:   90         SH:  0    Dex: 10    Spells: 3/3 levels left

rFire    . . .     SeeInvis .   a - +0 hand axe
rCold    . . .     Gourm    .   (no shield)
rNeg     . . .     Faith    .   h - +0 ring mail
rPois    .         Spirit   .   (helmet restricted)
rElec    .         Reflect  .   j - +0 cloak
rCorr    .         Harm     .   (no gloves)
MR       .....                  (no boots)
Stlth    +.........             (no amulet)
HPRegen  0.13/turn              (no ring)
MPRegen  0.08/turn              (no ring)

@: berserk cooldown, slowed, very slow
A: retaliatory headbutt, horns 2
a: Berserk, Trog's Hand, Renounce Religion


You were on level 3 of the Dungeon.
You worshipped Trog.
Trog was pleased with you.
You were very hungry.

You visited 1 branch of the dungeon, and saw 3 of its levels.

You collected 90 gold pieces.

Inventory:

Hand Weapons
 a - a +0 hand axe (weapon)
Armour
 h - a +0 ring mail (worn)
 j - a +0 cloak (worn)
Jewellery
 d - a +6 ring of intelligence
 p - a +6 ring of intelligence
Scrolls
 e - 5 scrolls of identify {unknown}
 g - a scroll of immolation {unknown}
 k - a scroll of remove curse {unknown}
 l - a scroll of amnesia {unknown}
 o - a scroll of random uselessness {unknown}
 q - a scroll of teleportation {unknown}
Potions
 f - a potion of invisibility {unknown}
 i - a potion of mutation {unknown}
 m - a potion of berserk rage {unknown}
 n - a potion of might {unknown}
Comestibles
 b - 8 chunks of flesh
 c - 8 rations


   Skills:
 + Level 4.9 Fighting
 + Level 5.0 Axes
 + Level 3.0 Armour
 + Level 2.7 Dodging
 + Level 0.4 Stealth


You had 3 spell levels left.
You didn't know any spells.
Your spell library was empty.

Dungeon Overview and Level Annotations

Branches:
Dungeon (3/15)

Altars:
Ashenzari
Dithmenos
Ru
Xom
Zin


Innate Abilities, Weirdness & Mutations

You reflexively headbutt those who attack you in melee.
You have a pair of horns on your head.


Message History

You closely miss the jackal. You headbutt the jackal.
The jackal is almost dead.
You miss something.
The jackal bites you but does no damage.
Something hits you.
* * * LOW HITPOINT WARNING * * *
Something shocks you.
* * * LOW HITPOINT WARNING * * *
You hit the jackal.
You kill the jackal!
Trog accepts your kill.
You miss something.
You feel a strong urge to attack something.
You are no longer berserk.
You are exhausted.
You feel yourself slow down. Something hits you but does no damage.
Something hits you.
* * * LOW HITPOINT WARNING * * *
Something shocks you.
You die...

##..# #..# # #. #.#
##..###.###.# #.#
)...........# #.##
##...##...... ...
.....##..##.# #.# #
##..###...#.####.##.#.#
#..###......†.>......#
#........†...†.@#
.....##.##.######
####.# #.# .. #.# ##
#.# #.# #.# #.# #.#####


There were no monsters in sight!

Vanquished Creatures
  Natasha (D:3)
  2 adders
  A dart slug (D:1)
  2 orcs (D:3)
  4 giant cockroaches
  10 goblins
  10 hobgoblins
  7 jackals (D:3)
  A quokka (D:3)
  A ball python (D:3)
  10 bats
  3 frilled lizards
  6 kobolds
  5 rats
63 creatures vanquished.

Notes
Turn   | Place    | Note
-------+----------+-------------------------------------------
     0 | D:1      | Erymatos the Minotaur Berserker began the quest for the
                  | Orb.
     0 | D:1      | Reached XP level 1. HP: 19/19 MP: 0/0
   232 | D:1      | Reached skill level 4 in Axes
   232 | D:1      | Reached XP level 2. HP: 16/27 MP: 1/1
   830 | D:1      | You fall into a shaft and drop 1 floor!
   910 | D:2      | Reached XP level 3. HP: 34/34 MP: 2/2
  1050 | D:2      | Reached ** piety under Trog
  1350 | D:2      | Found a glowing silver altar of Zin.
  1350 | D:2      | Found a shadowy altar of Dithmenos.
  1357 | D:2      | Found a shattered altar of Ashenzari.
  1359 | D:2      | Found a sacrificial altar of Ru.
  1361 | D:2      | Found a shimmering altar of Xom.
  1670 | D:3      | Reached XP level 4. HP: 41/41 MP: 3/3
  1680 | D:3      | Noticed Natasha
  1693 | D:3      | Killed Natasha
  1975 | D:3      | Noticed a sky beast
  1990 | D:3      | Reached skill level 5 in Axes
  1997 | D:3      | Slain by a sky beast

Illustrated notes

Levels and vault maps discovered:
D:1:      wander_arrival_peaceful_grave, layout_basic
D:2:      layout_loops_cross, chequers_temple_overflow_minitemple
D:3:      layout_loops_ring, kennysheep_generic_room_2, uniq_natasha

Skill      XL: |  1  2  3  4 |
---------------+-------------+-----
Fighting       | 4 |  4.9
Axes           | 4 5 |  5.0
Armour         | 3 |  3.0
Dodging        | |  2.7
Stealth        | |  0.4

Action                   |  1- 3 |  4- 6 || total
-------------------------+-------+-------++-------
Melee: Hand axe          |    90 |    45 ||   135
       Headbutt          |    12 |     1 ||    13
Invok: Berserk           |       |     2 ||     2
 Stab: Sleeping          |     1 |       ||     1
  Eat: Chunk             |     2 |     2 ||     4
Armor: Animal skin       |     5 |       ||     5
       Ring mail         |    22 |    20 ||    42
Dodge: Dodged            |    62 |    26 ||    88
